AoeStats
← Boiorix

Arabia

510011627Analyzed
2v2 RM · 4d ago on Sep 29, 2026· 69m 10s· 4 players
Game mode
Random Map
Map size
Medium (4 player)
Population
200
Speed
Normal
Resources
Standard
Victory
Conquest
Starting age
Dark Age
Ending age
Imperial Age
RankedLock teamsTeams togetherTeam positionsShared explorationLock speedFull tech treeHidden civsTurbo modeCheats
Victory
Defeat
🇧🇷 Persians · Brazil
978
+15
🇺🇸 Sicilians · United States
954
+15
🇦🇷 Khitans · Argentina
955
-15
🇦🇷 Mongols · Argentina
953
-15
TUPAPICHULO
5:43 Loom
10:20 Feudal Age
17:13 Castle Age
27:25 Ballistics
28:16 Pikeman
39:03 Double-Bit Axe
41:43 Squires
42:16 Arson
43:18 Bow Saw
46:56 Town Watch
52:45 Wheelbarrow
57:13 Imperial Age
55:23 Forging
55:15 Scale Mail Armor
56:27 Hand Cart
59:40 Iron Casting
59:21 Chain Mail Armor
59:56 Man-at-Arms
63:34 Blast Furnace
66:19 Plate Mail Armor
67:40 Long Swordsman
Cometa
9:25 Feudal Age
7:42 Loom
12:09 Loom
16:25 Scale Barding Armor
20:12 Double-Bit Axe
21:03 Domestication
25:04 Castle Age
24:15 Forging
24:08 Scale Mail Armor
27:54 Wheelbarrow
27:59 Husbandry
28:21 Light Cavalry
31:20 Hand Cart
32:16 Gold Mining
32:20 Stone Mining
32:43 Bow Saw
32:35 Pastoralism
34:52 Iron Casting
34:37 Chain Barding Armor
40:51 Imperial Age
40:13 Lamellar Armor
40:19 Squires
42:25 Stone Shaft Mining
42:12 Chain Mail Armor
41:49 Gambesons
46:45 Chemistry
46:15 Hussar
50:35 Fletching
50:46 Padded Archer Armor
50:40 Fletching
51:28 Plate Barding Armor
54:40 Elite Liao Dao
56:47 Capped Ram
58:35 Murder Holes
61:01 Ordo Cavalry
60:28 Siege Ram
64:35 Two-Man Saw
Boiorix
4:54 Loom
9:54 Feudal Age
13:13 Bloodlines
13:22 Forging
17:47 Double-Bit Axe
22:49 Castle Age
20:50 Double-Bit Axe
22:15 Scale Barding Armor
24:37 Bloodlines
24:29 Husbandry
24:52 Chain Barding Armor
29:43 Iron Casting
36:10 Pikeman
36:36 Gambesons
41:33 Wheelbarrow
45:00 Imperial Age
42:13 Horse Collar
45:40 Halberdier
46:23 Scale Mail Armor
47:24 Blast Furnace
45:52 Light Cavalry
47:30 Conscription
48:37 Chemistry
47:36 Gold Mining
48:15 Hand Cart
48:32 Heavy Plow
49:15 Gold Shaft Mining
49:41 Chain Mail Armor
49:58 Padded Archer Armor
50:52 Hussar
53:38 Thumb Ring
57:57 Plate Barding Armor
57:52 Plate Mail Armor
58:10 Kamandaran
59:18 Bow Saw
63:55 Caravan
casper4405
8:31 Loom
13:07 Feudal Age
20:21 Fletching
22:36 Horse Collar
23:26 Double-Bit Axe
29:38 Castle Age
29:11 Scale Mail Armor
29:14 Town Watch
29:41 Pikeman
31:27 Man-at-Arms
33:51 Wheelbarrow
36:01 Squires
37:37 Gambesons
38:47 Forging
40:28 Chain Mail Armor
40:52 Long Swordsman
42:04 Arson
44:49 Iron Casting
44:10 Bodkin Arrow
48:06 Imperial Age
45:27 Crossbowman
47:59 Town Patrol
49:15 Conscription
49:19 First Crusade
48:30 Two-Handed Swordsman
51:53 Hand Cart
51:16 Arbalester
52:58 Padded Archer Armor
53:22 Heavy Scorpion
54:03 Gold Mining
55:49 Leather Archer Armor
56:43 Plate Mail Armor
57:18 Murder Holes
58:29 Chemistry
58:25 Gold Shaft Mining
58:13 Stone Mining
58:51 Capped Ram
59:25 Halberdier
62:12 Stone Shaft Mining
62:09 Bracer
63:12 Blast Furnace
62:44 Bracer
62:56 Champion
64:41 Masonry
66:25 Elite Serjeant
66:34 Elite Serjeant
Connection lost

Rejoining the realm…

Still unreachable

The connection could not be restored.

Session expired

The server has moved on; the page needs a fresh start.